 Dungeon Crawl Stone Soup version bcrawl-1.27.3 (webtiles) character file.

Game seed: 6362306634343861505

293950 pasperui the Ducker (level 8, -5/67 HPs)
             Began as a Gnoll Reaver on Sept 10, 2020.
             Was a Believer of Vehumet.
             Slain by a yak (13 damage)
             ... on level 5 of the Dungeon.
             The game lasted 00:13:09 (3191 turns).

pasperui the Ducker (Gnoll Reaver)                  Turns: 3191, Time: 00:13:09

Health: -5/67      AC:  6    Str: 16    XL:     8   Next: 12%
Magic:  10/16      EV: 15    Int: 17    God:    Vehumet [**....]
Gold:   442        SH:  5    Dex: 13    Spells: 16/18 levels left

rFire    . . .     SeeInvis +   I - +7 dagger of Ceyvief {protect, Fragile +Rage rElec rC++}
rCold    + + .     Gourm    .   q - +0 buckler
rNeg     . . .     Faith    .   b - +0 steam dragon scales
rPois    +         Spirit   .   M - +0 helmet (curse)
rElec    +         Reflect  .   (no cloak)
rCorr    .         Harm     .   (no gloves)
MR       .....                  (no boots)
Stlth    ++........             (no amulet)
HPRegen  0.21/turn              N - ring of see invisible
MPRegen  0.15/turn              v - ring of poison resistance

@: no status effects
A: distributed training, fangs 1, strong nose
a: Renounce Religion, Evoke Berserk Rage


You were on level 5 of the Dungeon.
You worshipped Vehumet.
Vehumet was pleased with you.
You were not hungry.

You visited 1 branch of the dungeon, and saw 5 of its levels.

You collected 442 gold pieces.

Inventory:

Hand Weapons
 a - a +0 long sword
 I - the +7 dagger of Ceyvief (weapon) {protect, Fragile +Rage rElec rC++}
   (You found it on level 5 of the Dungeon)

   It grants its wielder temporary protection when it strikes (+7 to AC).
   It greatly protects you from cold.
   It insulates you from electricity.
   It lets you go berserk.
   It will be destroyed if unequipped.
Missiles
 h - 429 stones (quivered)
 m - 51 needles of confusion
 r - 360 bolts
 F - 361 arrows
 H - 2 throwing nets {=f}
 K - 280 sling bullets
Armour
 b - +0 steam dragon scales (worn)
 q - a +0 buckler (worn)
 s - a +0 helmet
 C - a +2 hat
 J - a +0 cloak
 M - a cursed +0 helmet (worn)
Jewellery
 i - an uncursed ring of teleportation
 v - a ring of poison resistance (right hand)
 B - the amulet of Myurr {Inacc Str+3}
   (You found it on level 2 of the Dungeon)

   [amulet of inaccuracy]

   It reduces the accuracy of all your attacks.
   It affects your strength (+3).
 E - an uncursed ring of flight
 N - a ring of see invisible (left hand)
Scrolls
 d - a scroll of immolation
 f - a scroll of remove curse
 g - 3 scrolls of fog {unknown}
 k - 2 scrolls of magic mapping {unknown}
 n - 2 scrolls of identify
 x - a scroll of teleportation {unknown}
 y - 2 scrolls of noise {unknown}
 A - a scroll of enchant armour {unknown}
 L - a scroll of vulnerability {unknown}
Potions
 c - 3 potions of haste
 j - a potion of degeneration {unknown}
 l - 3 potions of agility {unknown}
 o - a potion of brilliance {unknown}
 t - a potion of flight {unknown}
 u - 2 potions of lignification {unknown}
 w - 2 potions of magic {unknown}
 z - a potion of resistance {unknown}
 D - a potion of cancellation {unknown}
 G - a potion of invisibility {unknown}
Comestibles
 e - 4 rations {!d}
 p - 6 chunks of flesh


   Skills:
 + Level 7.2 Fighting
 + Level 2.9 Short Blades
 + Level 7.2 Long Blades
 + Level 2.9 Axes
 + Level 2.9 Maces & Flails
 + Level 2.9 Polearms
 + Level 2.9 Staves
 + Level 2.9 Slings
 + Level 2.9 Bows
 + Level 2.9 Crossbows
 + Level 2.9 Throwing
 + Level 2.9 Armour
 + Level 7.2 Dodging
 + Level 2.9 Stealth
 + Level 2.9 Shields
 + Level 2.9 Unarmed Combat
 + Level 5.8 Spellcasting
 + Level 2.3 Conjurations
 + Level 2.3 Hexes
 + Level 2.3 Charms
 + Level 2.3 Summonings
 + Level 2.3 Necromancy
 + Level 2.3 Translocations
 + Level 2.3 Transmutations
 + Level 2.3 Fire Magic
 + Level 2.3 Ice Magic
 + Level 2.3 Air Magic
 + Level 2.3 Earth Magic
 + Level 2.3 Poison Magic
 + Level 3.2 Invocations
 + Level 2.9 Evocations


You had 16 spell levels left.
You knew the following spells:

 Your Spells              Type           Power        Failure   Level  Hunger
a - Sandblast             Erth           ##....       3%          1    None
b - Sting                 Conj/Pois      ##..         3%          1    None

Your spell library contained the following spells:

 Spells                   Type           Power        Failure   Level  Hunger
 Searing Ray              Conj           ##......     4%          2    None
 Iskenderun's Battlesphe  Conj/Chrm      ##......     56%         5    ######.


Dungeon Overview and Level Annotations

Branches:
Dungeon (5/12)             Temple (0/1) D:5

Altars:
Dithmenos
Nemelex Xobeh
Okawaru
Zin

Annotations:
D:5 2 transporters, protoss039's ghost, amateur AvFE


Innate Abilities, Weirdness & Mutations

Your experience applies equally to all skills.
You have very sharp teeth.
Your uncanny sense of smell can sniff out nearby items.


Message History

Press: ? - help, Shift-Dir - straight line, f/p - orc priest
Aim: an orc priest, wielding a +0 short sword The blast of sand hits the yak.
The yak is severely wounded.
h - 439 stones The yak gores you!
* * * LOW HITPOINT WARNING * * *
The orc priest calls down the wrath of Beogh upon you.
Beogh smites you!
* * * LOW HITPOINT WARNING * * *
Casting: Sandblast (safe; 3% risk of failure)
Confirm with . or Enter, or press ? or * to list all spells.
Aiming: Sandblast (safe; 3% risk of failure)
Press: ? - help, Shift-Dir - straight line, f/p - orc priest
Aim: an orc priest, wielding a +0 short sword The blast of sand hits the yak.
The yak is severely wounded.
h - 429 stones The yak gores you!
You die...

...#.####### ##...###
...#.......# ##.$$...+
...........###.....$.#
##.........# ..$.....#
#...#########.....$.#
#)..# ##....##.W$...#
##...###......##Zo.#
...).##........#Y# ∆
......'........#@#
......'........#.# ∆
.)...##........'.# ∆ ∆
......##......##.# ∆ ∆
.......##....###.# ∆
###### .....#..######
#.# #....[
######......# #+#
#.#### #.####.# #.#
#.# #[# ∆ #.#


You could see a yak, a phantom, an orc priest and a howler monkey skeleton.

Vanquished Creatures
  5 ogres (D:5)
  A centaur (D:5)
  A bullfrog (D:5)
  A scorpion (D:5)
  An orc priest (D:4)
  2 orc wizards
  An iguana (D:5)
  A worker ant (D:4)
  Robin (D:2)
  3 adders
  4 gnolls (D:5)
  A shadow imp (D:5)
  An adder zombie (D:5)
  3 worms
  A dart slug (D:2)
  5 leopard geckos
  5 orcs
  2 ball pythons (D:2)
  3 giant cockroaches
  9 goblins
  7 hobgoblins
  11 jackals
  8 quokkas
  4 bats
  2 frilled lizards (D:1)
  6 kobolds
  8 rats
97 creatures vanquished.

Vanquished Creatures (others)
  A plant (D:3)
1 creature vanquished.

Grand Total: 98 creatures vanquished

Notes
Turn   | Place    | Note
-------+----------+-------------------------------------------
     0 | D:1      | pasperui the Gnoll Reaver began the quest for the Orb.
     0 | D:1      | Reached XP level 1. HP: 23/23 MP: 6/6
   137 | D:1      | Reached XP level 2. HP: 29/29 MP: 7/7
   649 | D:2      | Reached XP level 3. HP: 35/35 MP: 9/9
   677 | D:2      | Reached skill level 5 in Spellcasting
   681 | D:2      | Reached * piety under Vehumet
   681 | D:2      | Offered knowledge of Sandblast by Vehumet.
   684 | D:2      | Learned a level 1 spell: Sandblast
   695 | D:2      | Found a sparkling altar of Nemelex Xobeh.
   784 | D:2      | Noticed Robin
   791 | D:2      | Reached skill level 1 in Invocations
   826 | D:2      | Killed Robin
   826 | D:2      | Reached skill level 1 in Short Blades
   826 | D:2      | Reached skill level 1 in Axes
   826 | D:2      | Reached skill level 1 in Maces & Flails
   826 | D:2      | Reached skill level 1 in Polearms
   826 | D:2      | Reached skill level 1 in Staves
   826 | D:2      | Reached skill level 1 in Slings
   826 | D:2      | Reached skill level 1 in Bows
   826 | D:2      | Reached skill level 1 in Crossbows
   826 | D:2      | Reached skill level 1 in Throwing
   826 | D:2      | Reached skill level 1 in Armour
   826 | D:2      | Reached skill level 1 in Stealth
   826 | D:2      | Reached skill level 1 in Shields
   826 | D:2      | Reached skill level 1 in Unarmed Combat
   826 | D:2      | Reached skill level 1 in Evocations
   826 | D:2      | Reached XP level 4. HP: 23/41 MP: 11/11
   882 | D:2      | Found a glowing silver altar of Zin.
  1319 | D:2      | Got a wavering lead amulet
  1342 | D:2      | Identified the amulet of Myurr {Inacc Str+3} (You found it
                  | on level 2 of the Dungeon)
  1464 | D:3      | Found an iron altar of Okawaru.
  1536 | D:3      | Found an iron altar of Okawaru.
  1810 | D:3      | Offered knowledge of Sting by Vehumet.
  1813 | D:3      | Learned a level 1 spell: Sting
  1925 | D:3      | Reached skill level 1 in Conjurations
  1925 | D:3      | Reached skill level 1 in Hexes
  1925 | D:3      | Reached skill level 1 in Charms
  1925 | D:3      | Reached skill level 1 in Summonings
  1925 | D:3      | Reached skill level 1 in Necromancy
  1925 | D:3      | Reached skill level 1 in Translocations
  1925 | D:3      | Reached skill level 1 in Transmutations
  1925 | D:3      | Reached skill level 1 in Fire Magic
  1925 | D:3      | Reached skill level 1 in Ice Magic
  1925 | D:3      | Reached skill level 1 in Air Magic
  1925 | D:3      | Reached skill level 1 in Earth Magic
  1925 | D:3      | Reached skill level 1 in Poison Magic
  2192 | D:4      | Reached XP level 5. HP: 36/47 MP: 8/12
  2194 | D:4      | Reached ** piety under Vehumet
  2220 | D:4      | Found a shadowy altar of Dithmenos.
  2506 | D:5      | Entered Level 5 of the Dungeon
  2540 | D:5      | Got a dazzling dagger
  2541 | D:5      | Identified the +7 dagger of Ceyvief {protect, Fragile +Rage
                  | rElec rC++} (You found it on level 5 of the Dungeon)
  2543 | D:5      | Noticed an ogre
  2544 | D:5      | Noticed an ogre
  2550 | D:5      | Reached XP level 6. HP: 41/53 MP: 11/13
  2604 | D:5      | Reached XP level 7. HP: 36/59 MP: 15/15
  2747 | D:5      | Noticed a hungry ghost
  2749 | D:5      | Found a transporter.
  2749 | D:5      | Noticed protoss039's ghost (amateur AvFE)
  2769 | D:5      | Found a transporter.
  2805 | D:5      | Found a staircase to the Ecumenical Temple.
  2959 | D:5      | Offered knowledge of Searing Ray by Vehumet.
  2959 | D:5      | Reached XP level 8. HP: 21/67 MP: 16/16
  3172 | D:5      | Noticed a yak
  3191 | D:5      | Slain by a yak

Skill      XL: |  1  2  3  4  5  6  7 |
---------------+----------------------+-----
Spellcasting   | 5 |  5.8
Invocations    | 1 2 3 |  3.2
Short Blades   | 1 2 |  2.9
Axes           | 1 2 |  2.9
Maces & Flails | 1 2 |  2.9
Polearms       | 1 2 |  2.9
Staves         | 1 2 |  2.9
Slings         | 1 2 |  2.9
Bows           | 1 2 |  2.9
Crossbows      | 1 2 |  2.9
Throwing       | 1 2 |  2.9
Armour         | 1 2 |  2.9
Stealth        | 1 2 |  2.9
Shields        | 1 2 |  2.9
Unarmed Combat | 1 2 |  2.9
Evocations     | 1 2 |  2.9
Conjurations   | 1 2 |  2.3
Hexes          | 1 2 |  2.3
Charms         | 1 2 |  2.3
Summonings     | 1 2 |  2.3
Necromancy     | 1 2 |  2.3
Translocations | 1 2 |  2.3
Transmutations | 1 2 |  2.3
Fire Magic     | 1 2 |  2.3
Ice Magic      | 1 2 |  2.3
Air Magic      | 1 2 |  2.3
Earth Magic    | 1 2 |  2.3
Poison Magic   | 1 2 |  2.3
Fighting       | 7 |  7.2
Long Blades    | 7 |  7.2
Dodging        | 7 |  7.2

Action                   |  1- 3 |  4- 6 |  7- 9 || total
-------------------------+-------+-------+-------++-------
Melee: Long sword        |   117 |   139 |       ||   256
       Bite              |     6 |    13 |     9 ||    28
       Dagger            |       |    18 |    69 ||    87
 Cast: Sandblast         |       |    15 |    13 ||    28
       Sting             |       |       |     5 ||     5
  Use: Scroll            |       |     1 |       ||     1
 Stab: Sleeping          |     1 |     1 |     1 ||     3
  Eat: Chunk             |     2 |    10 |     4 ||    16
Armor: Steam dragon scal |    16 |    25 |    11 ||    52
Dodge: Dodged            |    80 |   102 |    50 ||   232
Block: Other             |     2 |       |       ||     2
       Buckler           |    10 |    42 |    19 ||    71
